 Dungeon Crawl Stone Soup version 0.22-a0-161-g198051c (webtiles) character file.

5781 Lathuz the Thaumaturge (level 10, -3/58 HPs)
             Began as a Deep Elf Fire Elementalist on Feb 11, 2018.
             Was a Priest of Vehumet.
             Slain by a warg (15 damage)
             ... on level 9 of the Dungeon.
             The game lasted 00:20:48 (10258 turns).

Lathuz the Thaumaturge (DEFE)                      Turns: 10258, Time: 00:20:49

Health: -3/58      AC:  3    Str:  5    XL:     10   Next: 50%
Magic:  3/26       EV: 13    Int: 24    God:    Vehumet [***...]
Gold:   424        SH:  0    Dex: 18    Spells: 15/30 levels left

rFire    . . .     SeeInvis +   s - +5 quarterstaff (chaos)
rCold    . . .     Gourm    .   (shield currently unavailable)
rNeg     . . .     Faith    .   a - +0 robe
rPois    .         Spirit   .   (no helmet)
rElec    .         Reflect  .   t - +0 cloak
rCorr    .         Harm     .   (no gloves)
MR       +....                  (no boots)
Stlth    ++........             w - amulet of the acrobat
HPRegen  0.19/turn              u - +3 ring of dexterity
MPRegen  0.20/turn              K - ring of see invisible

@: no status effects
A: no striking features
a: Renounce Religion


You were on level 9 of the Dungeon.
You worshipped Vehumet.
Vehumet was most pleased with you.
You were not hungry.

You visited 2 branches of the dungeon, and saw 10 of its levels.

You collected 424 gold pieces.

Inventory:

Hand Weapons
 s - a +5 quarterstaff of chaos (weapon)
Missiles
 j - 290 stones
 B - 4 tomahawks (quivered)
Armour
 a - a +0 robe (worn)
 t - a +0 cloak (worn)
Jewellery
 k - an uncursed amulet of harm
 u - a +3 ring of dexterity (left hand)
 w - an amulet of the acrobat (around neck)
 K - a ring of see invisible (right hand)
Wands
 x - a wand of acid (11)
 C - a wand of paralysis (14)
 G - a wand of disintegration (6)
 I - a wand of iceblast (9)
 J - a wand of digging (16)
Scrolls
 d - 4 scrolls of remove curse
 e - 3 scrolls of amnesia
 f - 4 scrolls of teleportation {unknown}
 g - 2 scrolls of blinking {unknown}
 m - 2 scrolls of magic mapping {unknown}
 n - a scroll of enchant weapon
 o - 7 scrolls of identify
 y - a scroll of fear
Potions
 h - a potion of lignification {unknown}
 i - a potion of resistance {unknown}
 l - 2 potions of brilliance {unknown}
 p - 2 potions of curing
 q - 2 potions of heal wounds {unknown}
 v - a potion of haste {unknown}
 z - a potion of might
 A - a potion of agility {unknown}
 D - a potion of cancellation {unknown}
 E - a potion of degeneration {unknown}
Books
 b - a book of Flames

   Spells                             Type                      Level
   a - Flame Tongue                   Conjuration/Fire             1
   b - Throw Flame                    Conjuration/Fire             2
   c - Conjure Flame                  Conjuration/Fire             3
   d - Inner Flame                    Hexes/Fire                   3
   e - Sticky Flame                   Conjuration/Fire             4
   f - Fireball                       Conjuration/Fire             5
 F - a book of Battle

   Spells                             Type                      Level
   a - Infusion                       Charms                       1
   b - Shroud of Golubria             Charms/Translocation         2
   c - Song of Slaying                Charms                       2
   d - Spectral Weapon                Hexes/Charms                 3
   e - Regeneration                   Charms/Necromancy            3
Comestibles
 c - 12 rations
 H - 5 chunks of flesh


   Skills:
 + Level 4.4 Fighting
 - Level 2.4 Dodging
 - Level 2.4 Stealth
 + Level 10.6 Spellcasting
 + Level 10.6 Conjurations
 + Level 9.3 Fire Magic


You had 15 spell levels left.
You knew the following spells:

 Your Spells              Type           Power        Failure   Level  Hunger
a - Flame Tongue          Conj/Fire      #####        1%          1    None
b - Throw Flame           Conj/Fire      ######       1%          2    None
c - Conjure Flame         Conj/Fire      ######..     1%          3    None
d - Sticky Flame          Conj/Fire      ######..     1%          4    None
e - Fireball              Conj/Fire      ######....   1%          5    ####...


Dungeon Overview and Level Annotations

Branches:
Dungeon (9/15)             Temple (1/1) D:4
   Lair: D:8-11         Orc: D:9-12

Altars:
Hepliaklqana
Kikubaaqudgha
Okawaru
Qazlal
Sif Muna
Vehumet
Wu Jian

Annotations:
D:3 Sigmund


Message History

It was a scroll of fear.
The yak burns!
The yak is engulfed in blazing flames.
A yak comes into view.
You hit the yak.
You feel better.
Your attack snaps the yak out of its fear.
The yak is almost dead.
The yak burns!
You kill the yak!
Vehumet accepts your kill.
You feel your power returning.
Cornered, the warg turns to fight!
The warg bites you!
* * * LOW HITPOINT WARNING * * *
The warg barely misses you.
You closely miss the warg.
The warg is moderately wounded.
Cornered, the yak turns to fight!
The warg closely misses you.
A yak comes into view.
You barely miss the warg.
The warg is moderately wounded.
The warg bites you!
You die...

....)........%.
..............
........>....
...h.......#
.....†.....
......)..####
#....##..######
#....#YY8#..≈.#
#..YY..Y.h@.≈>#
#....#..8#h.≈.#
+....##..######
#.....#########
#..............
#......########
#......#
#+####......#
............#


You could see 5 yaks and 2 wargs.

Vanquished Creatures
  2 two-headed ogres (D:8)
  A hippogriff (D:8)
  2 yaks (D:9)
  A hungry ghost (D:7)
  2 wargs (D:9)
  A water moccasin (D:7)
  3 ice beasts
  A sky beast (D:7)
  4 orc warriors
  A necrophage (D:8)
  11 ogres
  A centaur (D:7)
  3 bullfrogs
  7 scorpions
  A crimson imp (D:7)
  3 howler monkeys
  5 bullfrog zombies
  A centaur skeleton (D:8)
  2 hounds (D:6)
  2 orc priests (D:7)
  Crazy Yiuf (D:3)
  A bullfrog skeleton (D:2)
  7 orc wizards
  2 iguanas (D:8)
  2 worker ants
  A killer bee zombie (D:9)
  3 hound zombies
  The ghost of p0werm0de the Insei, a weakling OpGl (D:3)
  2 worker ant zombies
  3 gnolls (D:6)
  10 adders
  An adder skeleton (D:7)
  A worm (D:2)
  3 dart slugs
  9 leopard geckos
  20 orcs
  4 bats
  5 giant cockroaches
  10 hobgoblins
  6 jackals
  5 kobolds
  6 quokkas
  2 ball pythons
  2 frilled lizards
  15 goblins
  A jackal skeleton (D:7)
  A jackal zombie (D:7)
  A quokka zombie (D:5)
  10 rats
189 creatures vanquished.

Vanquished Creatures (others)
  An orc wizard (D:4)
  4 plants (D:7)
5 creatures vanquished.

Grand Total: 194 creatures vanquished

Notes
Turn   | Place    | Note
-------+----------+-------------------------------------------
     0 | D:1      | Lathuz the Deep Elf Fire Elementalist began the quest for the Orb.
     0 | D:1      | Reached XP level 1. HP: 10/10 MP: 6/6
   370 | D:1      | Reached XP level 2. HP: 4/15 MP: 0/8
   717 | D:1      | Learned a level 2 spell: Throw Flame
  1341 | D:2      | Reached XP level 3. HP: 19/19 MP: 0/10
  1512 | D:2      | Learned a level 3 spell: Conjure Flame
  1576 | D:2      | Reached XP level 4. HP: 20/24 MP: 2/11
  2439 | D:3      | Reached XP level 5. HP: 28/28 MP: 8/13
  2481 | D:3      | Learned a level 4 spell: Sticky Flame
  2494 | D:3      | Noticed p0werm0de's ghost (weakling OpGl)
  2497 | D:3      | Killed p0werm0de's ghost
  2947 | D:3      | Found a runed door.
  2973 | D:3      | Noticed Crazy Yiuf
  2978 | D:3      | Killed Crazy Yiuf
  3415 | D:3      | Noticed Sigmund
  3596 | D:4      | Reached XP level 6. HP: 32/32 MP: 11/15
  3611 | D:4      | Reached skill level 5 in Spellcasting
  3611 | D:4      | Reached skill level 5 in Conjurations
  3700 | D:4      | Learned a level 5 spell: Fireball
  3772 | D:4      | Found a stormy altar of Qazlal.
  3772 | D:4      | Noticed a water elemental
  3773 | D:4      | Noticed an air elemental
  3773 | D:4      | Noticed a fire elemental
  3795 | D:4      | Noticed an orc warrior
  3805 | D:4      | Killed an orc warrior
  3805 | D:4      | Reached skill level 5 in Fire Magic
  4064 | D:4      | Found a staircase to the Ecumenical Temple.
  4135 | Temple   | Entered the Ecumenical Temple
  4139 | Temple   | Became a worshipper of Vehumet
  4170 | D:4      | Reached XP level 7. HP: 36/36 MP: 10/17
  4738 | D:5      | Entered Level 5 of the Dungeon
  5226 | D:5      | Reached XP level 8. HP: 41/41 MP: 10/20
  5520 | D:5      | Reached * piety under Vehumet
  5520 | D:5      | Offered knowledge of Shock by Vehumet.
  5670 | D:5      | Found the +16 mace of Variability {chaos}
  7099 | D:7      | Reached skill level 1 in Fighting
  7099 | D:7      | Reached XP level 9. HP: 26/47 MP: 6/23
  7330 | D:7      | Reached ** piety under Vehumet
  7332 | D:7      | Offered knowledge of Searing Ray by Vehumet.
  7751 | D:8      | Noticed a two-headed ogre
  7767 | D:8      | Killed a two-headed ogre
  8617 | D:8      | Noticed a two-headed ogre
  8626 | D:8      | Killed a two-headed ogre
  8626 | D:8      | Reached skill level 10 in Spellcasting
  8626 | D:8      | Reached skill level 10 in Conjurations
  8626 | D:8      | Reached XP level 10. HP: 22/56 MP: 11/26
  9289 | D:7      | Offered knowledge of Throw Frost by Vehumet.
  9983 | D:9      | Reached *** piety under Vehumet
 10147 | D:9      | Found a deep blue altar of Sif Muna.
 10258 | D:9      | Slain by a warg

Vault maps used:
D:1:      saegor_arrival_simple_f, minmay_fountain_box
D:2:      cheibrodos_greedy_goblins, minmay_misc_feat_cross
D:3:      first_ration, serial_forest, infiniplex_forest_clump_double,
          infiniplex_forest_end_2, infiniplex_forest_end_3,
          infiniplex_forest_lined_corner, infiniplex_forest_clump_large,
          infiniplex_forest_clump_medium, infiniplex_forest_straight_2,
          uniq_sigmund, uniq_crazy_yiuf_cottage
D:4:      minmay_temple_entry_junction, nicolae_qazlal_style_of_elements
D:5:      gup_sewer_entry_spiral, kennysheep_generic_room_13
D:7:      grunt_ogre_cave, serial_bayou_lagoon_a
D:9:      lemuel_castle_with_subvaults, led_sif_book, minmay_lair_entry_grove,
          tgw_trog
Temple:   nicolae_temple_the_god_donut

Skill      XL: |  1  2  3  4  5  6  7  8  9 10 |
---------------+-------------------------------+-----
Conjurations   | 2 3 4 5 7 9 10 | 10.6
Spellcasting   | 4 5 6 8 10 | 10.6
Fire Magic     | 4 5 6 7 8 9 |  9.3
Fighting       | 1 3 4 |  4.4
Dodging        | |  2.4
Stealth        | |  2.4

Action                   |  1- 3 |  4- 6 |  7- 9 | 10-12 || total
-------------------------+-------+-------+-------+-------++-------
Melee: Dagger            |    31 |     3 |       |       ||    34
       Quarterstaff      |       |     1 |     1 |    13 ||    15
Throw: Stone             |       |     6 |       |     3 ||     9
       Tomahawk          |       |       |       |     5 ||     5
 Cast: Flame Tongue      |    37 |    39 |   173 |    39 ||   288
       Throw Flame       |    15 |    38 |    57 |    22 ||   132
       Conjure Flame     |     1 |     1 |     6 |     2 ||    10
       Sticky Flame      |       |     2 |    11 |    11 ||    24
       Fireball          |       |       |     2 |     5 ||     7
  Use: Scroll            |       |     4 |     1 |     5 ||    10
  Eat: Ration            |     2 |     1 |       |       ||     3
       Chunk             |       |     5 |    15 |     6 ||    26
Armor: Robe              |     7 |     1 |     2 |     1 ||    11
Dodge: Dodged            |    23 |     8 |    29 |    22 ||    82

Table legend:
 A = Spawn XP
 B = Non-spawn XP
 C = Spawn XP percentage of total XP
 D = Spawn monster count
 E = Non-spawn monster count
 F = Spawn count percentage of total count
 G = Total turns spent on level
                    A         B        C        D         E        F      G
               +---------+---------+-------+---------+---------+-------+---------
         Total |       0 |    8259 |   0.0 |       0 |     190 |   0.0 | 10258
               +---------+---------+-------+---------+---------+-------+---------
           D:1 |       0 |      28 |   0.0 |       0 |      15 |   0.0 |  1140
           D:2 |       0 |     108 |   0.0 |       0 |      31 |   0.0 |  1230
           D:3 |       0 |     197 |   0.0 |       0 |      18 |   0.0 |  1083
           D:4 |       0 |     715 |   0.0 |       0 |      19 |   0.0 |  1271
           D:5 |       0 |     537 |   0.0 |       0 |      21 |   0.0 |  1162
           D:6 |       0 |     899 |   0.0 |       0 |      17 |   0.0 |  1119
           D:7 |       0 |    1676 |   0.0 |       0 |      35 |   0.0 |  1436
           D:8 |       0 |    3086 |   0.0 |       0 |      19 |   0.0 |  1524
           D:9 |       0 |    1013 |   0.0 |       0 |      15 |   0.0 |   279
               +---------+---------+-------+---------+---------+-------+---------
